 Dungeon Crawl Stone Soup version 0.28-a0-1038-g9c4cb8273d (webtiles) character file.

Game seed: 15064974538510040064

49 ytrimaz the Insei (level 3, 0/23 HPs)
             Began as an Octopode Transmuter on Dec 8, 2021.
             Slain by a hobgoblin (5 damage)
             ... led by Robin
             ... on level 2 of the Dungeon.
             The game lasted 00:01:36 (1530 turns).

ytrimaz the Insei (Octopode Transmuter)             Turns: 1530, Time: 00:01:36

Health: 0/23       AC:  2    Str:  9    XL:     3   Next: 75%
Magic:  4/6        EV: 19    Int: 17    God:
Gold:   47         SH:  0    Dex: 17    Spells: 3/7 levels left

rFire   . . .      SeeInvis .     - Unarmed
rCold   . . .      Faith    .   (shield currently unavailable)
rNeg    . . .      Spirit   .   (helmet currently unavailable)
rPois   x          Reflect  .   (no amulet)
rElec   .          Harm     .   (no ring)
rCorr   .          Rampage  .   (no ring)
Will    .....                   (no ring)
Stlth   ++........              (no ring)
HPRegen 0.07/turn               (no ring)
MPRegen 0.10/turn               (no ring)
                                (no ring)
                                (no ring)

@: spider-form (expiring)
A: venomous fangs, almost no armour, (amphibious), 8 rings, tiny, (camouflage
1), (gelatinous body 1), (nimble swimmer 1), (tentacles)
a: End Transformation


You were on level 2 of the Dungeon.
You were a venomous arachnid creature.
You visited 1 branch of the dungeon, and saw 2 of its levels.

You collected 47 gold pieces.

Inventory:

Scrolls
 d - a scroll of teleportation
Potions
 a - a potion of brilliance {unknown}


   Skills:
 * Level 1.4 Fighting
 - Level 2.0 Dodging
 + Level 3.8 Unarmed Combat
 * Level 2.5 Spellcasting
 * Level 2.3 Transmutations


You had 3 spell levels left.
You knew the following spells:

 Your Spells              Type           Power      Damage    Failure   Level
a - Beastly Appendage     Tmut           20%        N/A       19%         1
b - Spider Form           Tmut/Pois      6%         N/A       56%         3

Your spell library contained the following spells:

 Spells                   Type           Power      Damage    Failure   Level
 Wereblood                Tmut           10%        N/A       26%         2
 Ice Form                 Ice/Tmut       6%         N/A       89%         4


Dungeon Overview and Level Annotations

Branches:
Dungeon (2/15)

Altars:

Annotations:
D:2 Robin


Innate Abilities, Weirdness & Mutations

You are a venomous arachnid creature.
You have poisonous fangs.
You are tiny and dextrous.
Your spellcasting is less reliable in this form.
Your armour is entirely melded.
You are incapable of wielding weapons or throwing items.
You cannot wear most types of armour.
((You are amphibious.))
You can wear up to eight rings at the same time.
((Your skin changes colour to match your surroundings (Stealth+).))
((Your rubbery body absorbs attacks. (AC +1, EV +1)))
((You are camouflaged near water. (Stealth+)))
((You have tentacles for arms and can constrict up to eight enemies at once.))


Message History

The endoplasm quivers.
The hobgoblin shouts!
The goblin barely misses you.
You hit the goblin.
You kill the goblin!
Robin throws the goblin at you! The goblin hits you with a +0 club.
* * * LOW HITPOINT WARNING * * *
The hobgoblin hits you.
* * * LOW HITPOINT WARNING * * *
You bite the goblin!
You kill the goblin!
The hobgoblin completely misses you.
Unknown command.
You barely miss the hobgoblin. The hobgoblin completely misses you.
Unknown command.
You hit the hobgoblin.
The hobgoblin is poisoned.
The hobgoblin is almost dead.
You kill the hobgoblin!
The endoplasm misses you. The hobgoblin misses you.
Robin roars a battlecry!
The goblins go into a battle-frenzy!
You hear a shout!
You hit the endoplasm.
The endoplasm is poisoned.
The endoplasm is moderately wounded.
The endoplasm misses you.
The endoplasm jiggles.
You hit the endoplasm.
You kill the endoplasm!
Robin drinks a potion.
Robin seems to grow stronger.
The hobgoblin completely misses you.
A goblin comes into view. It is wielding a +0 club.
Unknown command.
Robin closely misses you.
The endoplasm jiggles.
The hobgoblin closely misses you.
Things that are here:
a +0 club; a +0 dagger You hit Robin but do no damage.
Robin is poisoned.
Robin hits you but does no damage. The hobgoblin hits you.
You die...

##...........#
#.†..........#
#..†.........#
#####............#
+......g.........#
####..gJg..####..#
#g##g#### #....#
#g##g# #.#..#
#g##s#######.#..#
##'##g#.......#..#.#
#................#.#
#..............#.#.#
#................#.#
#.............#....#
..........#####......#
##........# #.#....#
#........# #.#....#


You could see Robin (strong, very poisoned), an endoplasm, a hobgoblin (strong)
and 4 goblins.

Vanquished Creatures
  An adder (D:2)
  A worm (D:2)
  A dart slug (D:2)
  A ball python (D:1)
  2 bats (D:1)
  4 endoplasms
  2 giant cockroaches (D:1)
  4 goblins
  5 hobgoblins
  3 jackals (D:1)
  3 kobolds
  A frilled lizard (D:1)
  2 rats (D:1)
30 creatures vanquished.

Notes
Turn   | Place    | Note
-------+----------+-------------------------------------------
     0 | D:1      | ytrimaz the Octopode Transmuter began the quest for the
                  | Orb.
     0 | D:1      | Reached XP level 1. HP: 13/13 MP: 3/3
    49 | D:1      | Reached XP level 2. HP: 5/18 MP: 3/5
   508 | D:1      | Reached XP level 3. HP: 12/23 MP: 6/6
   703 | D:1      | Found a faded altar of an unknown god.
  1494 | D:2      | Noticed Robin
  1513 | D:2      | Learned a level 3 spell: Spider Form
  1530 | D:2      | Slain by a hobgoblin

Illustrated notes

Levels and vault maps discovered:
D:1:      dpeg_arrival_solitude, layout_basic,
          dilly_ecumenical_altar_fadedgnrine
D:2:      layout_basic, uniq_robin

Action                   || total
-------------------------++-------
Melee: Unarmed           ||    70
       Tentacles         ||    10
       Constrict         ||    14
       Kick              ||     1
       Punch             ||     1
 Cast: Beastly Appendage ||     3
       Spider Form       ||     1
  Use: Scroll            ||     2
       Potion            ||     2
 Stab: Sleeping          ||     3
Armor: Skin              ||    11
Dodge: Dodged            ||    61

Table legend: (Time is in decaauts)
 A = Elapsed time spent in this place.
 B = Non-inter-level travel time spent in this place.
 C = Inter-level travel time spent in this place.
 D = Time resting spent in this place.
 E = Time spent auto-exploring this place.
 F = Levels seen in this place.
 G = Mean time per level.
                   A        B        C        D        E       F      G
               +--------+--------+--------+--------+--------+-----+--------+
         Total |   1525 |   1509 |     16 |    272 |   1018 |   2 |  762.5 |
       Dungeon |   1525 |   1509 |     16 |    272 |   1018 |   2 |  762.5 |
               +--------+--------+--------+--------+--------+-----+--------+

Top non-repeatable levels by time:
     D:1: 1038 daAuts
     D:2: 487 daAuts
